 Dungeon Crawl Stone Soup version 0.22-a0-605-g9281fa2 (webtiles) character file.

4690 Amnesiac the Transmogrifier (level 10, -2/84 HPs)
             Began as a Deep Elf Transmuter on July 8, 2018.
             Was an Elder of Sif Muna.
             Slain by a two-headed ogre
             ... wielding a +0 giant spiked club
              (25 damage)
             ... on level 9 of the Dungeon.
             The game lasted 00:20:10 (11971 turns).

Amnesiac the Transmogrifier (Deep Elf Transmuter)  Turns: 11971, Time: 00:20:11

Health: -2/84      AC: 27    Str:  7    XL:     10   Next: 21%
Magic:  18/26      EV:  2    Int: 22    God:    Sif Muna [****..]
Gold:   506        SH:  0    Dex: 15    Spells: 10/29 levels left

rFire    + . .     SeeInvis .     - Unarmed
rCold    . . .     Gourm    .   (no shield)
rNeg     + + +     Faith    .   (armour currently unavailable)
rPois    +         Spirit   .   (helmet currently unavailable)
rElec    .         Reflect  .   (cloak currently unavailable)
rCorr    .         Harm     .   (gloves currently unavailable)
MR       +....     NoTele   +   (boots currently unavailable)
Stlth    +.........             (no amulet)
HPRegen  0.24/turn              k - ring of protection from fire
MPRegen  0.20/turn              q - +2 ring of protection

@: tree-form, divine energy
A: no striking features
a: Stop Divine Energy, Channel Magic, Forget Spell, Renounce Religion


You were on level 9 of the Dungeon.
You worshipped Sif Muna.
Sif Muna was greatly pleased with you.
You were hungry.
You were a tree.
You visited 1 branch of the dungeon, and saw 9 of its levels.
You also visited: Ossuary.

You collected 506 gold pieces.

Inventory:

Hand Weapons
 r - a +0 blowgun
Missiles
 a - 143 arrows (quivered)
 s - 27 poisoned needles
Armour
 m - a +0 helmet (melded)
 o - a +1 animal skin (melded)
 v - a +2 buckler
 x - a scarf of spirit shield (melded)
 K - a +0 pair of gloves
Jewellery
 k - a ring of protection from fire (left branch)
 q - a +2 ring of protection (right branch)
 I - a +4 ring of dexterity {unknown}
Wands
 t - a wand of random effects (33)
 u - a wand of scattershot (2)
 H - a wand of disintegration (12)
 J - a wand of paralysis (15)
Scrolls
 c - a scroll of random uselessness {!r, unknown}
 f - 5 scrolls of teleportation {!r, unknown}
 g - 2 scrolls of noise {!r, unknown}
 h - 3 scrolls of remove curse {!r, unknown}
 n - a scroll of enchant weapon {!r, unknown}
 y - 4 scrolls of identify {!r}
 C - 2 scrolls of amnesia {!r, unknown}
 D - a scroll of holy word {!r, unknown}
 E - a scroll of fear {!r, unknown}
 F - a scroll of blinking {!r, unknown}
Potions
 b - 2 potions of might {!q, unknown}
 e - 2 potions of curing {!q}
 i - 3 potions of brilliance {!q, unknown}
 l - 5 potions of magic {!q}
 w - 2 potions of invisibility {!q, unknown}
 z - 4 potions of flight {!q, unknown}
 A - 2 potions of degeneration {!q, unknown}
 B - 5 potions of agility {!q}
 G - a potion of mutation {!q, unknown}
Comestibles
 d - 10 rations
 L - a chunk of flesh


   Skills:
 - Level 3.2 Fighting
 - Level 3.2 Dodging
 + Level 4.6 Unarmed Combat
 + Level 10.4 Spellcasting
 * Level 12.1 Transmutations


You had 10 spell levels left.
You knew the following spells:

 Your Spells              Type           Power        Failure   Level  Hunger
a - Apportation           Tloc           ##....       6%          1    None
b - Sticks to Snakes      Tmut           ######..     1%          2    None
c - Beastly Appendage     Tmut           ######       1%          1    None
d - Spider Form           Tmut/Pois      #####.....   1%          3    None
e - Blade Hands           Tmut           ######....   1%          5    ####...
f - Alistair's Intoxicat  Tmut/Pois      #####...     14%         5    ####...
g - Summon Butterflies    Summ           ##......     6%          1    None
z - Confusing Touch       Hex            ##....       6%          1    None

Your spell library contained the following spells:

 Spells                   Type           Power        Failure   Level  Hunger
 Invisibility             Hex            ##......     100%        6    ######.
 Summon Small Mammal      Summ           ##..         6%          1    None
 Animate Skeleton         Necr           N/A          6%          1    None
 Tukima's Dance           Hex            ##......     17%         3    None
 Ice Form                 Ice/Tmut       #####...     4%          4    #......
 Lesser Beckoning         Tloc           ##........   17%         3    None


Dungeon Overview and Level Annotations

Branches:
Dungeon (9/15)             Temple (0/1) D:4
   Lair: D:8-11         Orc: D:9-12

Altars:
Sif Muna
Xom


Message History

The killer bee barely misses you.
You hit the two-headed ogre.
The two-headed ogre is moderately wounded.
The killer bee stings you but does no damage.
The orc priest miscasts a cantrip.
The killer bee stings you but does no damage.
The orc priest closely misses the wolf.
You catch the helpless two-headed ogre completely off-guard!
You smack the two-headed ogre!
The two-headed ogre is heavily wounded.
The killer bee stings you.
* * * LOW HITPOINT WARNING * * *
The killer bee stings you but does no damage.
The orc priest hits the wolf with a falchion.
You catch the helpless two-headed ogre completely off-guard!
You smack the two-headed ogre!
The two-headed ogre is severely wounded.
The killer bee stings you but does no damage.
The killer bee barely misses you.
The two-headed ogre gestures wildly.
You hit the two-headed ogre.
The two-headed ogre is severely wounded.
The killer bee stings you.
* * * LOW HITPOINT WARNING * * *
Casting: Alistair's Intoxication (quite dangerous; 26% risk of failure)
Confirm with . or Enter, or press ? or * to list all spells.
You attempt to intoxicate your foes!
The orc priest looks rather confused.
The killer bee stings you but does no damage.
The killer bee stings you.
* * * LOW HITPOINT WARNING * * *
Sif Muna accepts your kill.
You feel a bit more experienced.
The orc priest barely misses the killer bee.
You closely miss the killer bee.
The killer bee is lightly wounded.
The two-headed ogre seems less confused.
The killer bee stings you but does no damage. x2
The orc priest hits the wolf.
You hit the two-headed ogre but do no damage.
The two-headed ogre is severely wounded.
The killer bee stings you.
* * * LOW HITPOINT WARNING * * *
The two-headed ogre hits you with a giant spiked club!
* * * LOW HITPOINT WARNING * * *
The two-headed ogre hits you but does no damage.
The killer bee barely misses you.
Casting: Alistair's Intoxication (quite dangerous; 26% risk of failure)
Confirm with . or Enter, or press ? or * to list all spells.
Okay, then.
Really quaff
e - 4 potions of curing {!q}?
You feel better.
The world stops spinning.
The killer bee stings you but does no damage. x2
The two-headed ogre barely misses you.
The two-headed ogre hits you but does no damage.
The orc priest hits the killer bee.
Really quaff
e - 3 potions of curing {!q}?
You feel better.
The killer bee stings you but does no damage. x2
The orc warrior hits the orc priest with a flail of holy wrath!
The orc priest is killed!
Sif Muna accepts your kill.
The two-headed ogre hits you with a giant spiked club!!
You die...

########....#
......O..o..#
....<.#####.# ###...# # #
#...# #. #...# #..
########### #...#
#...#.....$...# #...#
#...'.O......... ....#
#...#(♣......%.. ....#
#o..###y#####....
.....ooh.......≈≈
.......†........≈
######.o..##....≈≈≈≈
#....#...≈≈.;≈≈
#.o%.#.....≈≈≈≈
#[÷..+...≈≈;.≈≈
..#########..÷.#....h.≈≈≈


You could see a two-headed ogre, an orc warrior (confused), a wolf, a killer bee
and an orc priest.

Vanquished Creatures
  A two-headed ogre (D:7)
  The ghost of Zgarb the Caller, a novice VSSu of Kikubaaqudgha (D:8)
  A hungry ghost (D:8)
  An orc warrior (D:8)
  2 ice beasts
  A black bear (D:7)
  4 phantoms
  2 necrophages
  2 wolves (D:9)
  3 ogres
  3 bullfrogs
  A big kobold (D:8)
  2 water moccasin zombies (Ossuary)
  2 scorpions
  6 killer bees (D:8)
  An electric eel (D:9)
  2 howler monkeys
  5 crimson imps
  A bullfrog zombie (D:7)
  A centaur zombie (D:5)
  3 jellies
  5 hounds
  6 orc priests
  Natasha (thrice) (D:2)
  An iguana (D:4)
  3 orc wizards
  8 worker ants
  4 big kobold zombies (Ossuary)
  A hound skeleton (D:7)
  Robin (D:2)
  2 howler monkey zombies (D:7)
  2 mummies (Ossuary)
  17 adders
  4 gnolls (D:7)
  A howler monkey skeleton (D:4)
  2 shadow imps
  An ooze (D:3)
  5 adder zombies
  An adder skeleton (D:8)
  5 worms
  3 dart slugs
  6 leopard geckos
  21 orcs
  A ball python (D:4)
  11 bats
  8 giant cockroaches
  14 goblins
  10 hobgoblins
  8 jackals
  13 kobolds
  3 quokkas
  5 frilled lizards
  2 gnoll zombies (Ossuary)
  5 hobgoblin zombies (Ossuary)
  A jackal skeleton (D:4)
  2 kobold zombies (Ossuary)
  A leopard gecko skeleton (D:5)
  An orc zombie (Ossuary)
  A quokka skeleton (D:6)
  13 rats
246 creatures vanquished.

Vanquished Creatures (collateral kills)
  An ogre (D:5)
  An orc wizard (D:3)
  3 worker ants
  A leopard gecko (D:5)
  A quokka (D:4)
7 creatures vanquished.

Grand Total: 253 creatures vanquished

Notes
Turn   | Place    | Note
-------+----------+-------------------------------------------
     0 | D:1      | Amnesiac the Deep Elf Transmuter began the quest for the Orb.
     0 | D:1      | Reached XP level 1. HP: 11/11 MP: 6/6
   206 | D:1      | Reached skill level 1 in Fighting
   272 | D:1      | Reached XP level 2. HP: 9/16 MP: 6/8
   286 | D:1      | Learned a level 2 spell: Sticks to Snakes
  1304 | D:1      | Reached XP level 3. HP: 14/20 MP: 9/9
  1388 | D:1      | Learned a level 3 spell: Spider Form
  1807 | D:2      | Noticed Natasha
  1825 | D:2      | Killed Natasha
  1825 | D:2      | Reached skill level 3 in Transmutations
  2161 | D:2      | Noticed Natasha
  2229 | D:2      | Killed Natasha
  2229 | D:2      | Reached XP level 4. HP: 20/26 MP: 3/10
  2428 | D:2      | Learned a level 1 spell: Confusing Touch
  2491 | D:2      | Noticed Robin
  2509 | D:2      | Killed Robin
  2544 | D:2      | Reached XP level 5. HP: 5/31 MP: 2/11
  3286 | D:2      | Noticed Natasha
  3297 | D:2      | Killed Natasha
  3297 | D:2      | Reached skill level 4 in Transmutations
  4224 | D:3      | Reached XP level 6. HP: 37/37 MP: 9/12
  4290 | D:3      | Found a deep blue altar of Sif Muna.
  4307 | D:3      | Learned a level 1 spell: Apportation
  4331 | D:3      | Became a worshipper of Sif Muna the Loreminder
  4615 | D:4      | Found a staircase to the Ecumenical Temple.
  4976 | D:4      | Reached skill level 5 in Transmutations
  5298 | D:4      | Reached XP level 7. HP: 41/41 MP: 11/16
  5538 | D:4      | Found a shimmering altar of Xom.
  5560 | D:4      | Reached skill level 5 in Spellcasting
  5863 | D:4      | Reached skill level 6 in Transmutations
  5967 | D:4      | Found a shimmering altar of Xom.
  6110 | D:4      | Found a staircase to the Ecumenical Temple.
  6159 | D:5      | Entered Level 5 of the Dungeon
  6241 | D:5      | HP: 1/41 [phantom (5)]
  6300 | D:5      | Reached * piety under Sif Muna
  6473 | D:5      | Reached skill level 7 in Transmutations
  6531 | D:5      | Found a sand-covered staircase.
  6539 | Ossuary  | Entered an ossuary
  6740 | Ossuary  | Learned a level 5 spell: Blade Hands
  7039 | Ossuary  | Reached XP level 8. HP: 36/46 MP: 12/19
  7371 | D:5      | Reached skill level 8 in Transmutations
  8005 | D:6      | Reached ** piety under Sif Muna
  8557 | D:6      | Reached skill level 9 in Transmutations
  9441 | D:7      | Noticed a two-headed ogre
  9458 | D:7      | Killed a two-headed ogre
  9458 | D:7      | Reached skill level 10 in Transmutations
  9458 | D:7      | Reached XP level 9. HP: 32/50 MP: 4/23
  9676 | D:7      | Reached *** piety under Sif Muna
 10420 | D:8      | Reached skill level 11 in Transmutations
 10567 | D:8      | Found a runed gate.
 10567 | D:8      | Found a runed gate.
 10568 | D:8      | Found a runed gate.
 10574 | D:8      | Noticed Zgarb's ghost (novice VSSu)
 10602 | D:8      | Killed Zgarb's ghost
 10724 | D:8      | Reached skill level 10 in Spellcasting
 10777 | D:8      | Reached **** piety under Sif Muna
 10844 | D:8      | Learned a level 5 spell: Alistair's Intoxication
 10846 | D:8      | Learned a level 1 spell: Summon Butterflies
 10976 | D:8      | Reached XP level 10. HP: 56/56 MP: 26/26
 11757 | D:9      | Noticed a two-headed ogre
 11889 | D:9      | Reached skill level 12 in Transmutations
 11971 | D:9      | Slain by a two-headed ogre

Vault maps used:
D:1:      elethiomel_arrival_maze, minmay_fountain_box, chequers_big_river
D:2:      minmay_tetromino_t4, uniq_robin, uniq_natasha
D:3:      first_ration, tgw_sif
D:4:      minmay_temple_entry_from_below_a, led_xom_imps
D:5:      nicolae_ossuary_entry_plus
D:6:      zaba_anthole
D:8:      ebering_ghost_rock_garden
D:9:      lemuel_crystal_altar, erik_lair_island, uniq_psyche
Ossuary:  ossuary_tomb_2

Skill      XL: |  1  2  3  4  5  6  7  8  9 10 |
---------------+-------------------------------+-----
Fighting       | 1 2 3 |  3.2
Unarmed Combat | 3 4 |  4.6
Dodging        | 3 |  3.2
Transmutations | 3 4 5 7 10 11 12 | 12.1
Spellcasting   | 4 6 8 10 | 10.4

Action                   |  1- 3 |  4- 6 |  7- 9 | 10-12 || total
-------------------------+-------+-------+-------+-------++-------
Melee: Unarmed           |   156 |   275 |   501 |   110 ||  1042
       Headbutt          |     6 |       |       |       ||     6
       Kick              |    16 |       |     6 |       ||    22
       Punch             |     2 |       |     5 |     1 ||     8
 Cast: Beastly Appendage |    25 |     2 |     5 |     1 ||    33
       Spider Form       |     2 |    33 |    20 |     1 ||    56
       Sticks to Snakes  |       |     5 |    11 |       ||    16
       Confusing Touch   |       |     4 |     7 |     3 ||    14
       Apportation       |       |     1 |       |       ||     1
       Blade Hands       |       |       |    26 |     6 ||    32
       Alistair's Intoxi |       |       |       |     2 ||     2
Invok: Divine Energy     |       |       |     1 |       ||     1
Evoke: Wand              |       |       |     2 |     3 ||     5
  Use: Scroll            |       |     4 |       |       ||     4
       Potion            |       |       |     2 |     6 ||     8
 Stab: Sleeping          |     3 |     1 |     1 |       ||     5
       Confused          |       |     2 |     5 |     3 ||    10
       Distracted        |       |     1 |     1 |       ||     2
  Eat: Chunk             |     4 |    14 |    21 |     4 ||    43
       Ration            |       |       |     2 |       ||     2
Armor: Robe              |    32 |       |       |       ||    32
       Skin              |     1 |    13 |    19 |    44 ||    77
       Animal skin       |       |    19 |    60 |    21 ||   100
Dodge: Dodged            |   128 |   223 |   319 |   113 ||   783

Table legend:
 A = Spawn XP
 B = Non-spawn XP
 C = Spawn XP percentage of total XP
 D = Spawn monster count
 E = Non-spawn monster count
 F = Spawn count percentage of total count
 G = Total turns spent on level
                    A         B        C        D         E        F      G
               +---------+---------+-------+---------+---------+-------+---------
         Total |       0 |    6700 |   0.0 |       0 |     253 |   0.0 | 11971
               +---------+---------+-------+---------+---------+-------+---------
           D:1 |       0 |      47 |   0.0 |       0 |      28 |   0.0 |  1738
           D:2 |       0 |     227 |   0.0 |       0 |      35 |   0.0 |  1928
           D:3 |       0 |     157 |   0.0 |       0 |      31 |   0.0 |   949
           D:4 |       0 |     532 |   0.0 |       0 |      16 |   0.0 |  1544
           D:5 |       0 |     655 |   0.0 |       0 |      27 |   0.0 |  1138
           D:6 |       0 |     600 |   0.0 |       0 |      19 |   0.0 |  1418
           D:7 |       0 |    1586 |   0.0 |       0 |      23 |   0.0 |  1032
           D:8 |       0 |    1980 |   0.0 |       0 |      39 |   0.0 |  1425
           D:9 |       0 |     596 |   0.0 |       0 |      13 |   0.0 |   140
       Ossuary |       0 |     320 |   0.0 |       0 |      22 |   0.0 |   659
               +---------+---------+-------+---------+---------+-------+---------
